 Dungeon Crawl Stone Soup version 0.31-a0-164-g2312942fda (webtiles) character file.

Game seed: 17218752732251977865

21342 Pooter the Severer (level 12, -17/110 HPs)
             Began as a Minotaur Berserker on June 13, 2023.
             Was an Elder of Trog.
             Demolished by an orc knight
             ... wielding a +0 great mace
              (24 damage)
             ... on level 2 of the Orcish Mines.
             The game lasted 01:20:30 (20554 turns).

Pooter the Severer (Minotaur Berserker)            Turns: 20554, Time: 01:20:30

Health: -17/110    AC: 12    Str: 25    XL:     12   Next: 53%
Magic:  11/11      EV:  7    Int:  4    God:    Trog [****..]
Gold:   117        SH:  0    Dex: 18    Spells: 11/11 levels left

rFire   + . .        a - +5 battleaxe (freeze)
rCold   + . .        (shield currently unavailable)
rNeg    . . .        R - +0 gold dragon scales
rPois   +            (helmet restricted)
rElec   .            (no cloak)
rCorr   .            U - +2 pair of gloves {Stlth+}
SInv    .            E - +0 pair of boots
Will    +++..        Y - amulet of regeneration Stlth
                     L - +6 ring of dexterity
HPRegen 2.18/turn    l - ring of willpower
MPRegen 0.12/turn

%: no passive effects
@: strong-willed, spiked, corroded, on berserk cooldown, regenerating, hasted
and slowed, studying Dodging
A: horns 2, retaliatory headbutt
a: Renounce Religion, Berserk, Trog's Hand, Brothers in Arms


You were on level 2 of the Orcish Mines.
You worshipped Trog.
Trog was greatly pleased with you.
You visited 2 branches of the dungeon, and saw 12 of its levels.
You also visited: Sewer.

You collected 1632 gold pieces.
You spent 1515 gold pieces at shops.

Inventory:

Hand Weapons
 a - a +5 battleaxe of freezing (weapon)
   (You took it off a wight on level 10 of the Dungeon)
 b - a +7 heavy longbow
   (You acquired it on level 9 of the Dungeon)
 B - a +1 heavy orcbow
   (You took it off an orc warrior on level 8 of the Dungeon)
 G - a +0 trident
   (You found it on level 2 of the Dungeon)
 J - a +0 war axe of flaming
   (You found it on level 6 of the Dungeon)
 K - a +3 halberd
   (You took it off a wight on level 8 of the Dungeon)
 M - a +2 battleaxe of electrocution
   (You took it off an orc warrior on level 8 of the Dungeon)
Missiles
 g - 30 poisoned darts (quivered)
 m - 18 boomerangs
 F - a curare-tipped dart
 Q - 171 stones
 S - 6 atropa-tipped darts
 V - 2 throwing nets {!f}
Armour
 d - an orb of light
   (You found it on level 2 of the Dungeon)
 A - a +0 plate armour
   (You found it on level 4 of the Dungeon)
 E - a +0 pair of boots (worn)
   (You found it on level 6 of the Dungeon)
 R - +0 gold dragon scales (worn)
   (You found it on level 9 of the Dungeon)
 U - a +2 pair of gloves of stealth (worn)
   (You bought it in a shop on level 4 of the Dungeon)
Jewellery
 l - a ring of willpower (right hand)
   (You found it on level 7 of the Dungeon)
 C - a ring of resist corrosion
   (You found it on level 6 of the Dungeon)
 L - a +6 ring of dexterity (left hand)
   (You bought it in a shop on level 3 of the Dungeon)
 W - an amulet of faith {!P}
   (You took it off a gnoll on level 3 of the Dungeon)
 Y - an amulet of regeneration (around neck)
   (You bought it in a shop on level 2 of the Dungeon)
Wands
 c - a wand of mindburst (6)
   (You bought it in a shop on level 3 of the Dungeon)
 f - a wand of flame (5)
   (You found it on level 3 of the Dungeon)
 u - a wand of paralysis (15)
   (You found it on level 9 of the Dungeon)
 D - a wand of roots (12)
   (You found it on level 5 of the Dungeon)
 N - a wand of polymorph (11)
   (You found it on level 7 of the Dungeon)
 T - a wand of quicksilver (5)
   (You found it on level 10 of the Dungeon)
Scrolls
 h - 3 scrolls of poison {!r}
 p - 3 scrolls of fog
 q - 4 scrolls of noise {!r}
 r - a scroll of torment {!r}
 s - 6 scrolls of blinking
 t - 5 scrolls of teleportation {@r4}
 y - 2 scrolls of vulnerability {!r}
 H - 3 scrolls of fear
 I - 2 scrolls of butterflies
 X - a scroll of immolation {!r}
Potions
 e - 2 potions of attraction {!q}
 j - 2 potions of enlightenment
 k - 8 potions of curing {@q1}
 n - 2 potions of lignification {!q}
 o - 2 potions of mutation {!q}
 v - 3 potions of heal wounds {@q2}
 w - 2 potions of haste {@q3}
 x - 2 potions of resistance
 P - a potion of magic {unknown}
Miscellaneous
 O - a sack of spiders
   (You found it on level 9 of the Dungeon)


   Skills:
 + Level 11.4 Fighting
 * Level 15.3 Axes
 * Level 13.5 Ranged Weapons
 + Level 6.9 Armour
 + Level 6.8 Dodging
 - Level 1.5 Stealth


You had 11 spell levels left.
You didn't know any spells.
Your spell library was empty.

Dungeon Overview and Level Annotations

Branches:
Dungeon (10/15)            Temple (0/1) D:5             Orc (2/2) D:10
    Elf (0/3) Orc:2         Sewer (visited)
   Lair: D:8-11

Altars:
Ashenzari
Cheibriados
Dithmenos
Fedhas
Hepliaklqana
Kikubaaqudgha
Makhleb
Okawaru
Trog
Uskayaw
Zin

Shops:
D:2 =   D:3 *   D:4 [   D:6 ?   D:9 [   Orc:1 *   Orc:2 *?


Innate Abilities, Weirdness & Mutations

You have a pair of horns on your head.
You reflexively headbutt those who attack you in melee.


Message History

a +0 dagger; a +0 robe; a +0 hand axe You hit the red devil.
You freeze the red devil. Your headbutt misses the red devil.
You hit the orc knight but do no damage.
You slash the rust devil! You freeze the rust devil.
An orc warrior comes into view. It is wielding a +0 short sword.
The rust devil completely misses you.
The red devil hits you with a +0 trident!
Barbed spikes become lodged in your body.
The orc knight hits you with a +0 great mace!!
* * * LOW HITPOINT WARNING * * *
You slash the red devil! You freeze the red devil. You headbutt the red devil!
You kill the red devil!
Trog accepts your kill.
You hit the orc knight. You freeze the orc knight. You slash the rust devil!
You freeze the rust devil.
You are no longer berserk.
You are exhausted.
You feel yourself slow down.
You barely miss the orc knight.
You headbutt the orc knight, but do no damage.
You hit the rust devil.
The orc high priest hits you from afar with a +0 trident!
* * * LOW HITPOINT WARNING * * *
The rust devil hits you. The rust devil corrodes you!
An orc priest comes into view. It is wielding a +0 short sword.
The orc knight hits you with a +0 great mace.
* * * LOW HITPOINT WARNING * * *
You hit the orc knight but do no damage.
You headbutt the orc knight, but do no damage.
You hit the orc knight. You freeze the orc knight. You slice the rust devil!!
You kill the rust devil!
Trog accepts your kill.
The orc knight roars a battlecry!
The orcs go into a battle-frenzy!
The orc high priest hits you from afar with a +0 trident.
* * * LOW HITPOINT WARNING * * *
The orc knight hits you with a +0 great mace!
* * * LOW HITPOINT WARNING * * *
You slice the orc knight!! You freeze the orc knight!
Your headbutt misses the orc knight. You closely miss the orc warrior.
You slice the orc knight!! You freeze the orc knight.
The orc knight hits you with a +0 dire flail!!
* * * LOW HITPOINT WARNING * * *
The orc high priest calls upon Beogh to heal the orc knight.
The orc knight is healed somewhat.
The orc warrior closely misses you. You furiously retaliate!
You headbutt the orc warrior, but do no damage.
The orc knight hits you with a +0 great mace!!
You die...

.......#)######).##..).#...)##..#
..........# ##))###...###...###).
.........####))###...## ##.). ##.
.......[..##).###...## ##... ##
)......#..)).###...## ##... #
<...[...#...###...## #...
...[#..#...###.#.## #.#.
...#...##.###...## #..
........#..###)#@#
._..........###ooo#
.............###ooo#
............#####..o#
............##.###.oo#
##..............###....
.##..............# #.#..
..##.......#...#.# #...
...#.#......#.####


You could see 2 orc knights, an orc high priest (strong), 5 orc warriors and an
orc priest (strong).

Vanquished Creatures
  Jorgrun (Orc:1)
  An orc warlord (Orc:1)
  Snorg (Orc:1)
  A centaur warrior (D:8)
  Erica (D:10)
  An orc high priest (Orc:2)
  A soul eater (Orc:2)
  2 orc knights (Orc:2)
  A manticore (D:8)
  An orc sorcerer (Orc:2)
  A rust devil (Orc:2)
  5 trolls
  A red devil (Orc:2)
  Grinder (D:5)
  2 shadows
  A wraith (D:9)
  A ynoxinul (Orc:2)
  21 yaks
  A vampire (D:10)
  Eustachio (D:4)
  A neqoxec (Orc:2)
  Menkaure (D:5)
  Edmund (D:6)
  2 wargs
  An acid dragon (D:10)
  32 orc warriors
  3 sky beasts
  An ice beast (D:6)
  4 ogres
  The ghost of ragingrage the Firebug, an amateur NaWn (D:3)
  7 centaurs
  2 phantoms (D:5)
  4 kobold brigands
  4 bullfrogs
  3 scorpions
  9 wights
  2 howler monkeys (D:6)
  6 electric eels (D:8)
  24 orc priests
  A gnoll bouda (D:9)
  6 hounds
  A sleepcap (D:4)
  4 iguanas
  22 orc wizards
  18 gnolls
  2 adders
  11 river rats
  A white imp (D:6)
  An ufetubus (D:5)
  4 worms
  3 dart slugs
  95 orcs
  7 bats
  6 endoplasms
  6 giant cockroaches
  9 goblins
  7 hobgoblins
  3 jackals (D:4)
  33 kobolds
  5 quokkas
  11 ball pythons
  19 frilled lizards
  25 rats
454 creatures vanquished.

Notes
Turn   | Place    | Note
-------+----------+-------------------------------------------
     0 | D:1      | Pooter the Minotaur Berserker began the quest for the Orb.
     0 | D:1      | Reached XP level 1. HP: 19/19 MP: 0/0
   106 | D:1      | Reached XP level 2. HP: 24/27 MP: 1/1
   130 | D:1      | Reached skill level 4 in Axes
   141 | D:1      | Reached skill level 1 in Stealth
   166 | D:1      | Reached ** piety under Trog
   288 | D:1      | Reached XP level 3. HP: 33/33 MP: 2/2
   948 | D:2      | Found Womaho's Jewellery Shop.
  1116 | D:2      | Reached skill level 1 in Ranged Weapons
  1131 | D:2      | Reached XP level 4. HP: 40/40 MP: 3/3
  1745 | D:3      | Reached skill level 5 in Axes
  1773 | D:3      | Reached XP level 5. HP: 47/47 MP: 4/4
  1913 | D:3      | Found Muulogao's Assorted Antiques.
  1923 | D:3      | Bought a scroll of identify for 48 gold pieces
  1923 | D:3      | Bought a fuming brown potion for 21 gold pieces
  1923 | D:3      | Bought a fizzy pink potion for 21 gold pieces
  1923 | D:3      | Bought a scroll of identify for 48 gold pieces
  1923 | D:3      | Bought a scroll labelled YTAUST HUIWUIRPHAPP for 24 gold
                  | pieces
  2018 | D:3      | Found a transporter.
  2024 | D:3      | Found a transporter.
  2285 | D:4      | Found a snail-covered altar of Cheibriados.
  2293 | D:4      | Found a hide-covered altar of Uskayaw.
  2313 | D:4      | Noticed a sky beast
  2351 | D:4      | Killed a sky beast
  2361 | D:4      | Found Cocol's Antique Armour Emporium.
  2392 | D:4      | Reached XP level 6. HP: 43/55 MP: 5/5
  2454 | D:4      | Noticed Eustachio
  2467 | D:4      | Killed Eustachio
  2468 | D:4      | Reached skill level 5 in Fighting
  2468 | D:4      | Reached skill level 6 in Axes
  2649 | D:4      | Found a glowing drain.
  2656 | Sewer    | Entered a sewer
  2935 | Sewer    | Reached *** piety under Trog
  3153 | Sewer    | Reached XP level 7. HP: 61/61 MP: 6/6
  3742 | Sewer    | Reached skill level 7 in Axes
  4455 | D:5      | Entered Level 5 of the Dungeon
  4472 | D:5      | Reached skill level 5 in Ranged Weapons
  4526 | D:5      | Found a staircase to the Ecumenical Temple.
  4622 | D:5      | Reached XP level 8. HP: 70/70 MP: 7/7
  4628 | D:5      | Reached skill level 8 in Axes
  4807 | D:5      | Noticed Menkaure
  4824 | D:5      | Killed Menkaure
  4858 | D:5      | Noticed Grinder
  4876 | D:5      | Paralysed by Grinder for 2 turns
  4884 | D:5      | Paralysed by Grinder for 2 turns
  4892 | D:5      | Killed Grinder
  4893 | D:5      | Reached skill level 9 in Axes
  5473 | D:6      | Found a glowing silver altar of Zin.
  5673 | D:6      | Noticed Edmund
  5681 | D:6      | Killed Edmund
  5871 | D:6      | Reached XP level 9. HP: 78/79 MP: 8/8
  5873 | D:6      | Found a bloodstained altar of Trog.
  5873 | D:6      | Found a burning altar of Makhleb.
  6009 | D:6      | Found Vuttet's Magic Scroll Shoppe.
  6015 | D:6      | Bought a scroll of identify for 30 gold pieces
  6015 | D:6      | Bought a scroll of identify for 30 gold pieces
  6015 | D:6      | Bought a scroll of identify for 30 gold pieces
  6121 | D:6      | Found a blossoming altar of Fedhas.
  6318 | D:6      | Reached skill level 10 in Axes
  6795 | D:3      | Bought a bronze wand for 96 gold pieces
  8280 | D:8      | Reached skill level 11 in Axes
  8522 | D:8      | Noticed a centaur warrior
  8536 | D:8      | Killed a centaur warrior
  8537 | D:8      | Reached XP level 10. HP: 90/90 MP: 9/9
  8769 | D:3      | Bought a glowing jade ring for 120 gold pieces
  8897 | D:8      | Reached skill level 10 in Ranged Weapons
  9151 | D:8      | Found an iron altar of Okawaru.
  9151 | D:8      | Found a hazy altar of Hepliaklqana.
  9280 | D:8      | Found the +4 skin of Zhor {*Englaciate rC+++ SInv}
  9342 | D:8      | Noticed a manticore
  9347 | D:8      | Killed a manticore
  9348 | D:8      | Reached skill level 12 in Axes
 10276 | D:9      | Reached **** piety under Trog
 10352 | D:9      | Identified a scroll of acquirement
 10352 | D:9      | Acquired a +5 heavy longbow
 10399 | D:9      | Found an ancient bone altar of Kikubaaqudgha.
 10429 | D:9      | Reached skill level 13 in Axes
 10698 | D:9      | Found a shadowy altar of Dithmenos.
 11117 | D:9      | Reached XP level 11. HP: 99/99 MP: 10/10
 11330 | D:9      | Found a broken altar of Ashenzari.
 11542 | D:9      | Found Cioli's Antique Armour Emporium.
 11563 | D:10     | Entered Level 10 of the Dungeon
 12736 | D:10     | Found a staircase to the Orcish Mines.
 12828 | D:10     | Reached skill level 10 in Fighting
 12833 | D:10     | Noticed Erica
 12846 | D:10     | Killed Erica
 14132 | D:2      | Bought an amulet of regeneration for 360 gold pieces
 14215 | D:4      | Bought a pair of glowing gloves for 142 gold pieces
 14296 | D:3      | Noticed ragingrage's ghost (amateur NaWn)
 14326 | D:3      | Killed ragingrage's ghost
 14577 | Orc:1    | Entered Level 1 of the Orcish Mines
 15021 | Orc:1    | Found Ikagoe's Overcharged Wands.
 15023 | Orc:1    | Noticed Snorg
 15028 | Orc:1    | Killed Snorg
 15029 | Orc:1    | Reached skill level 14 in Axes
 15029 | Orc:1    | Noticed Jorgrun
 15039 | Orc:1    | Killed Jorgrun
 15040 | Orc:1    | Reached skill level 5 in Armour
 15244 | Orc:2    | Entered Level 2 of the Orcish Mines
 15244 | Orc:2    | Found a burning altar of Makhleb.
 15486 | D:6      | Bought a scroll of enchant weapon for 112 gold pieces
 15577 | D:3      | Bought a fuming brown potion for 21 gold pieces
 15667 | D:6      | Bought a scroll of immolation for 60 gold pieces
 16232 | Orc:2    | Noticed an orc warlord
 16285 | Orc:1    | Killed an orc warlord
 16359 | Orc:1    | Reached skill level 5 in Dodging
 16359 | Orc:1    | Reached XP level 12. HP: 93/108 MP: 11/11
 17157 | Orc:2    | Identified the +2 robe "Ubatoss" {Dex+5}
 17450 | Orc:2    | Found a staircase to the Elven Halls.
 18763 | Orc:2    | Found Xochuxt's General Store.
 18794 | Orc:2    | Reached skill level 15 in Axes
 19404 | Orc:2    | Found Ehotagisch's Magic Scroll Shoppe.
 19411 | Orc:2    | Bought a scroll of enchant weapon for 90 gold pieces
 19414 | Orc:2    | Bought a scroll of identify for 30 gold pieces
 19414 | Orc:2    | Bought 3 scrolls of identify for 90 gold pieces
 19414 | Orc:2    | Bought a scroll of identify for 30 gold pieces
 19414 | Orc:2    | Bought a scroll of blinking for 112 gold pieces
 20530 | Orc:2    | Noticed an orc high priest
 20537 | Orc:2    | Killed an orc high priest
 20540 | Orc:2    | Noticed an orc high priest
 20554 | Orc:2    | Demolished by an orc knight

Illustrated notes

Levels and vault maps discovered:
D:1:      psy_arrival_radial02, layout_basic
D:2:      layout_basic, serial_shops, shop, minmay_lizard_king
D:3:      layout_loops_corners, serial_shops, nicolae_shop_statue_plus,
          gammafunk_ghost_gnarly_gnolls, minmay_liquid_box,
          roderic_roman_lattice, minmay_misc_feat_cross
D:4:      layout_cave_pools, kennysheep_mini_moat, lemuel_doored_altar,
          lightli_sewer_entry_pipes, serial_shops, shop, uniq_eustachio
D:5:      layout_rooms, minmay_temple_entry_junction, uniq_menkaure,
          uniq_grinder
D:6:      layout_basic, mainiacjoe_overflow_alcove_4, fedhas_altar_1,
          mainiacjoe_overflow_catwalk_spiral, serial_shops, shop, uniq_edmund
D:7:      layout_basic
D:8:      cheibrodos_two_vegetables, layout_basic, grunt_temple_overflow_open
D:9:      layout_long_grid, mainiacjoe_overflow_cross_hatched,
          grunt_dithmenos_smoke, mainiacjoe_overflow_concentric_impassable,
          serial_shops, nicolae_shop_back_alley_shop
D:10:     minmay_goldmine, layout_irregular_city, hiddenorc2_lemuel, uniq_erica
Orc:1:    layout_caves, nicolae_shop_overcharged_wands, uniq_snorg, uniq_jorgrun
Orc:2:    pf_orc_diabolical, layout_caves, bloody_makhleb

Skill      XL: |  1  2  3  4  5  6  7  8  9 10 11 12 |
---------------+-------------------------------------+-----
Axes           | 4 5 6 7 9 11 13 14 15 | 15.3
Stealth        | 1 |  1.5
Fighting       | 4 5 6 7 8 9 10 11 | 11.4
Ranged Weapons | 1 2 3 4 5 7 9 11 12 13 | 13.5
Armour         | 3 5 6 |  6.9
Dodging        | 5 6 |  6.8

Action                     |  1- 3 |  4- 6 |  7- 9 | 10-12 || total
---------------------------+-------+-------+-------+-------++-------
  Melee: Hand axe          |    58 |       |       |       ||    58
         Headbutt          |    15 |    11 |    46 |    43 ||   115
         Trident           |    39 |   114 |   158 |       ||   311
         War axe           |       |       |    44 |       ||    44
         Flail             |       |       |    35 |       ||    35
         Battleaxe         |       |       |    27 |   199 ||   226
         Punch             |       |       |     4 |       ||     4
   Fire: Sling             |     3 |    63 |    28 |       ||    94
         Orcbow            |       |       |    47 |    29 ||    76
         Longbow           |       |       |       |   224 ||   224
  Throw: Dart              |       |       |     8 |     6 ||    14
 Invoke: Berserk           |     3 |     7 |    10 |     9 ||    29
         Trog's Hand       |     1 |     4 |     8 |    21 ||    34
  Evoke: Wand              |       |       |     4 |     5 ||     9
    Use: Scroll            |     2 |     4 |     9 |    10 ||    25
         Potion            |       |       |     1 |     1 ||     2
   Stab: Sleeping          |     4 |     2 |       |       ||     6
         Distracted        |     1 |     1 |       |       ||     2
 Armour: Animal skin       |    15 |    13 |    11 |       ||    39
         Plate armour      |       |       |   174 |    30 ||   204
         Gold dragon scale |       |       |       |   251 ||   251
  Dodge: Dodged            |    76 |    62 |   130 |   124 ||   392

Table legend: (Time is in decaauts)
 A = Elapsed time spent in this place.
 B = Non-inter-level travel time spent in this place.
 C = Inter-level travel time spent in this place.
 D = Time resting spent in this place.
 E = Time spent auto-exploring this place.
 F = Levels seen in this place.
 G = Mean time per level.
                   A        B        C        D        E       F      G
               +--------+--------+--------+--------+--------+-----+--------+
         Total |  21240 |  19418 |   1822 |   9717 |   6527 |  13 | 1633.8 |
       Dungeon |  14312 |  12527 |   1785 |   4762 |   5477 |  10 | 1431.2 |
  Orcish Mines |   5576 |   5539 |     37 |   4215 |    647 |   2 | 2788.0 |
         Sewer |   1351 |   1351 |      0 |    739 |    403 |   1 | 1351.0 |
               +--------+--------+--------+--------+--------+-----+--------+

Top non-repeatable levels by time:
   Orc:2: 4508 daAuts
    D:10: 2329 daAuts
     D:8: 2015 daAuts
     D:9: 1732 daAuts
     D:6: 1719 daAuts
     D:7: 1429 daAuts
   Sewer: 1351 daAuts
     D:3: 1344 daAuts
     D:4: 1294 daAuts
   Orc:1: 1067 daAuts
     D:5: 939 daAuts
     D:1: 800 daAuts
     D:2: 707 daAuts
